 Dungeon Crawl Stone Soup version 0.20-a0-673-g53087c7 (webtiles) character file.

45381 kokoko the Unseen (level 14, -21/72 HPs)
             Began as a Spriggan Assassin on Feb 18, 2017.
             Was a High Priest of Dithmenos.
             Demolished by a spriggan rider
             ... wielding a +0 spear
              (25 damage)
             ... on level 6 of the Lair of Beasts.
             The game lasted 01:09:47 (22093 turns).

kokoko the Unseen (Spriggan Assassin)              Turns: 22093, Time: 01:09:47

Health: -21/72     AC:  9    Str:  7    XL:     14   Next: 0%
Magic:  0/26       EV: 30    Int: 14    God:    Dithmenos [*****.]
Gold:   815        SH:  0    Dex: 21    Spells: 34/34 levels left

rFire    . . .     SeeInvis +   y - +4 rapier (drain)
rCold    + . .     Gourm    .   c - +2 robe
rNeg     . . .     Faith    .   (shield restricted)
rPois    +         Spirit   +   P - +2 hat {MR+}
rElec    .         Reflect  .   A - +2 cloak {rPois}
rCorr    .         Harm     .   (gloves unavailable)
MR       +++..     Clarity  +   (boots unavailable)
Stlth    ++++++++++             u - amulet of guardian spirit
Regen    0.3/turn               I - ring of protection from cold
MPRegen  0.2/turn               s - +3 ring of slaying

@: very slightly contaminated, wreathed by umbra, invisible, very quick
A: unfitting armour, antennae 1, see invisible, blink, clarity, herbivore 3,
speed 3, low mp 1, slow metabolism 2
a: Blink, Shadow Step, Shadow Form, Renounce Religion


You were on level 6 of the Lair of Beasts.
You worshipped Dithmenos.
Dithmenos was extremely pleased with you.
You were not hungry.

You visited 3 branches of the dungeon, and saw 20 of its levels.

You collected 848 gold pieces.
You spent 33 gold pieces at shops.

Inventory:

Hand Weapons
 a - a +5 dagger of speed
 b - a +0 blowgun
 r - a +2 vampiric dagger
 w - a +0 shortbow
 y - a +4 rapier of draining (weapon)
 X - the +9 scimitar "Cex Feomno" {venom, Dex+3}
   (You found it on level 6 of the Lair of Beasts)

   It poisons the flesh of those it strikes.
   It affects your dexterity (+3).
Missiles
 q - 8 poisoned needles
 x - 252 arrows
 O - 5 needles of paralysis
Armour
 c - a +2 robe (worn)
 A - a +2 cloak of poison resistance (worn)
 P - a +2 hat of magic resistance (worn)
Jewellery
 s - a +3 ring of slaying (left hand)
 u - an amulet of guardian spirit (around neck)
 B - an uncursed ring of poison resistance
 I - a ring of protection from cold (right hand)
Wands
 i - a wand of paralysis (6/24)
 D - a wand of disintegration (6/24)
 Q - a wand of disintegration (5/24)
 S - a wand of disintegration (7/24)
 U - a wand of disintegration (13/24)
 V - a wand of scattershot (4/9)
Scrolls
 d - 3 scrolls of fear
 j - a scroll of amnesia
 l - 4 scrolls of blinking
 n - 12 scrolls of remove curse
 E - 2 scrolls of fog
 F - 5 scrolls of teleportation
 H - a scroll of enchant armour
Potions
 e - a potion of cancellation
 f - 4 potions of lignification
 m - 3 potions of brilliance
 o - 6 potions of mutation
 p - 2 potions of berserk rage
 t - 2 potions of haste
 v - a potion of flight {unknown}
 z - 2 potions of degeneration {unknown}
 G - 2 potions of agility
 L - a potion of might
 R - a potion of curing
Books
 k - a book of Misfortune

   Spells                             Type                      Level
   a - Confusing Touch                Hexes                        1
   b - Confuse                        Hexes                        3
   c - Gell's Gravitas                Hexes/Translocation          3
   d - Petrify                        Transmutation/Earth          4
   e - Metabolic Englaciation         Hexes/Ice                    5
   f - Yara's Violent Unravelling     Hexes/Transmutation          5
 K - a book of the Earth

   Spells                             Type                      Level
   a - Leda's Liquefaction            Hexes/Earth                  4
   b - Bolt of Magma                  Conjuration/Fire/Earth       5
   c - Statue Form                    Transmutation/Earth          6
   d - Iron Shot                      Conjuration/Earth            6
   e - Shatter                        Earth                        9
 M - a book of Cantrips

   Spells                             Type                      Level
   a - Confusing Touch                Hexes                        1
   b - Animate Skeleton               Necromancy                   1
   c - Summon Small Mammal            Summoning                    1
   d - Apportation                    Translocation                1
Miscellaneous
 T - a lightning rod (4/4)
Comestibles
 g - 12 bread rations
 h - 7 fruits
 W - 5 royal jellies


   Skills:
 + Level 7.4 Fighting
 + Level 9.9 Short Blades
 + Level 9.3 Throwing
 + Level 12.1 Dodging
 * Level 19.7 Stealth
 + Level 10.8 Spellcasting
 + Level 6.5 Invocations


You had 34 spell levels left.
You didn't know any spells.

Dungeon Overview and Level Annotations

Branches:
Dungeon (13/15)            Temple (1/1) D:7            Lair (6/6) D:9
 Shoals (0/4) Lair:4        Snake (0/4) Lair:4        Slime (0/5) Lair:5
    Orc (0/2) D:11
 Vaults: D:13-14

Altars:
Ashenzari
Cheibriados
Dithmenos
Elyvilon
Fedhas
Gozag
Hepliaklqana
Kikubaaqudgha
Makhleb
Nemelex Xobeh
Okawaru
Qazlal
Ru
Sif Muna
Trog
Uskayaw
Vehumet
Xom
Yredelemnul
Zin
The Shining One

Shops:
D:11 }   D:12 *


Innate Abilities, Weirdness & Mutations

You are very small and have problems with some larger weapons.
You are too small for most types of armour.
You have supernaturally acute eyesight. (SInv)
You are a herbivore.
You cover ground extremely quickly.
You need consume almost no food.
You have a pair of small antennae on your head.
You can translocate small distances at will.
You possess an exceptional clarity of mind.
Your magical capacity is low. (-10% MP)


Message History

The hornet is almost dead.
Your shadow hits the hornet with a rapier.
The spriggan rider hits you from afar with a spear!
* * * LOW HITPOINT WARNING * * *
The hornet completely misses you.
You feel much better.
The hornet stings you but does no damage.
The spriggan rider hits you from afar with a spear!
You fade into invisibility!
The hornet barely misses you.
The spriggan rider hits you from afar with a spear!!
* * * LOW HITPOINT WARNING * * *
The hornet completely misses you.
You are very lightly contaminated with residual magic.
You catch the helpless hornet completely off-guard!
You skewer the hornet like a kebab!!!
You kill the hornet!
Dithmenos accepts your kill.
The spriggan rider hits you from afar with a spear!!
You die...

♣...♣♣♣ ♣...♣
♣....)♣♣
*♣..♣
♣)♣♣...♣ ♣♣.♣
♣♣♣.♣♣♣..♣♣
♣.t♣ ♣♣..♣
♣♣..♣ ♣♣S♣♣
♣..♣♣ ♣♣.♣
♣g§♣ ...♣
♣.♣♣♣♣♣♣i♣
..♣♣
♣♣♣....♣♣♣§♣
..♣
♣......♣♣§@♣
..♣
♣♣..♣...♣♣§♣♣
..♣
♣♣..♣♣...♣♣§♣
.♣♣
♣...♣.......♣
♣♣
♣.F♣♣♣♣.....♣
.* ♣♣..♣
♣♣.h..♣ **
♣F.♣♣ ♣♣...♣♣
* ♣♣h♣♣
♣.....♣
♣♣♣)♣♣
*♣.♣♣..♣


You could see a spriggan rider.

Vanquished Creatures
  Gastronok (Lair:2)
  Nessos (Lair:4)
  The ghost of Camlann the Grappler, a journeyman TrMo (Lair:6)
  2 hydras
  5 two-headed ogres
  A catoblepas (Lair:5)
  A lindwurm (Lair:3)
  An ugly thing (D:11)
  5 oklob plants (Lair:5)
  A manticore (D:12)
  Joseph (D:7)
  3 elephants (Lair:5)
  3 black mambas
  3 centaur skeletons
  3 rime drakes
  11 spiny frogs
  5 komodo dragons
  The ghost of cortexin the Covert, a novice OpAs (D:5)
  A troll (D:11)
  2 polar bears (Lair:6)
  Grinder (D:3)
  5 hornets
  6 hippogriffs
  18 blink frogs
  2 slime creatures (D:12)
  14 dream sheep (Lair:6)
  12 spriggans (Lair:6)
  A wyvern (Lair:2)
  19 yaks
  2 hungry ghosts
  3 basilisks
  2 steam dragons
  Menkaure (D:6)
  A soldier ant (D:12)
  7 water moccasins
  An orc warrior (D:11)
  13 porcupines
  2 ice beasts
  4 black bears
  8 ogres
  7 sky beasts
  2 eyes of draining (D:12)
  16 wolves
  16 crocodiles
  6 centaurs
  2 boggarts (Lair:6)
  A big kobold (D:7)
  13 bullfrogs
  A scorpion (D:9)
  4 killer bees (D:8)
  13 wights
  2 howler monkeys
  6 crimson imps
  3 hounds
  5 jellies
  5 orc priests
  A bullfrog skeleton (D:4)
  Terence (D:2)
  Jessica (D:2)
  3 iguanas
  Ijyb (D:2)
  7 orc wizards
  5 worker ants
  A worker ant zombie (D:9)
  A howler monkey zombie (D:5)
  14 adders
  7 gnolls
  A howler monkey skeleton (D:9)
  3 shadow imps
  12 white imps (Lair:5)
  An ooze (D:3)
  An adder zombie (D:6)
  3 adder skeletons
  2 worms
  3 dart slugs
  2 leopard geckos
  40 orcs
  2 giant cockroaches
  8 goblins
  7 hobgoblins
  5 jackals
  11 kobolds
  5 quokkas
  6 bats
  5 frilled lizards
  A jackal zombie (D:5)
  9 rats
445 creatures vanquished.

Vanquished Creatures (others)
  4 orcs (D:4)
  3 fungi
  A plant (Lair:5)
8 creatures vanquished.

Grand Total: 453 creatures vanquished

Notes
Turn   | Place    | Note
-------+----------+-------------------------------------------
     0 | D:1      | kokoko the Spriggan Assassin began the quest for the Orb.
     0 | D:1      | Reached XP level 1. HP: 10/10 MP: 2/2
    70 | D:1      | Reached skill level 6 in Stealth
   380 | D:1      | Reached XP level 2. HP: 10/14 MP: 3/3
   959 | D:2      | Reached skill level 7 in Stealth
  1070 | D:2      | Noticed Ijyb
  1101 | D:2      | Killed Ijyb
  1101 | D:2      | Reached XP level 3. HP: 9/18 MP: 4/4
  1109 | D:2      | Reached skill level 8 in Stealth
  1610 | D:2      | Reached XP level 4. HP: 16/22 MP: 5/5
  1731 | D:2      | Reached skill level 9 in Stealth
  1938 | D:2      | Noticed Terence
  1972 | D:2      | Killed Terence
  2054 | D:2      | Noticed Jessica
  2062 | D:2      | Killed Jessica
  2062 | D:2      | Reached XP level 5. HP: 6/25 MP: 6/6
  2345 | D:2      | Reached skill level 10 in Stealth
  2928 | D:3      | Noticed Grinder
  3230 | D:3      | Reached XP level 6. HP: 28/30 MP: 7/7
  3703 | D:3      | Paralysed by Grinder for 4 turns
  3716 | D:3      | Killed Grinder
  3716 | D:3      | Reached skill level 11 in Stealth
  3716 | D:3      | Reached skill level 1 in Spellcasting
  4248 | D:4      | Reached XP level 7. HP: 35/35 MP: 10/10
  4555 | D:4      | Found a blossoming altar of Fedhas.
  4631 | D:4      | Found a shadowy altar of Dithmenos.
  4637 | D:4      | Became a worshipper of Dithmenos the Shadowed
  4722 | D:4      | Found a white marble altar of Elyvilon.
  4806 | D:4      | Found a sparkling altar of Nemelex Xobeh.
  4972 | D:5      | Entered Level 5 of the Dungeon
  5320 | D:5      | Noticed cortexin's ghost (novice OpAs)
  5674 | D:5      | Killed cortexin's ghost
  5674 | D:5      | Reached skill level 12 in Stealth
  5674 | D:5      | Reached XP level 8. HP: 35/39 MP: 11/13
  6412 | D:6      | Reached * piety under Dithmenos
  6685 | D:6      | Reached skill level 5 in Dodging
  6697 | D:6      | Reached skill level 13 in Stealth
  6863 | D:6      | Reached XP level 9. HP: 44/44 MP: 14/16
  6901 | D:6      | Reached skill level 5 in Short Blades
  6911 | D:6      | Noticed Menkaure
  7209 | D:6      | Killed Menkaure
  7806 | D:7      | Found a staircase to the Ecumenical Temple.
  7818 | Temple   | Entered the Ecumenical Temple
  9504 | D:7      | Noticed Joseph
  9511 | D:7      | Killed Joseph
  9511 | D:7      | Reached skill level 5 in Throwing
  9511 | D:7      | Reached skill level 14 in Stealth
  9511 | D:7      | Reached skill level 5 in Spellcasting
  9839 | D:8      | Found an ancient bone altar of Kikubaaqudgha.
  9943 | D:8      | Reached ** piety under Dithmenos
 10392 | D:8      | Reached XP level 10. HP: 51/51 MP: 19/19
 10493 | D:8      | Noticed a two-headed ogre
 10498 | D:8      | Killed a two-headed ogre
 10860 | D:8      | Noticed a red ugly thing
 11156 | D:9      | Found a staircase to the Lair.
 11222 | D:9      | Reached skill level 15 in Stealth
 11325 | D:9      | Gained mutation: You have a pair of small antennae on your head. [potion of mutation]
 11325 | D:9      | Gained mutation: You possess an exceptional clarity of mind. [potion of mutation]
 11325 | D:9      | Gained mutation: Your magical capacity is low. (-10% MP) [potion of mutation]
 11325 | D:9      | Gained mutation: You can translocate small distances at will. [potion of mutation]
 11501 | D:9      | Reached skill level 5 in Fighting
 11957 | D:9      | Found a deep blue altar of Sif Muna.
 12064 | D:10     | Entered Level 10 of the Dungeon
 12159 | D:10     | Noticed a two-headed ogre
 12163 | D:10     | Killed a two-headed ogre
 12193 | D:10     | Reached skill level 1 in Invocations
 12226 | D:10     | Reached XP level 11. HP: 26/56 MP: 20/20
 12484 | D:10     | Noticed a two-headed ogre
 12541 | D:10     | Killed a two-headed ogre
 12661 | D:10     | Reached *** piety under Dithmenos
 12661 | D:10     | Reached skill level 16 in Stealth
 12697 | D:10     | Found a runed door.
 12731 | D:10     | Noticed a two-headed ogre
 12792 | D:10     | Killed a two-headed ogre
 13498 | D:10     | Noticed a two-headed ogre
 13731 | D:11     | Found a staircase to the Orcish Mines.
 13911 | D:11     | Found Suxkioti's Gadget Shoppe.
 13952 | D:11     | Noticed a cyan ugly thing
 13956 | D:11     | Killed a cyan ugly thing
 14895 | D:12     | Noticed a two-headed ogre
 14898 | D:12     | Killed a two-headed ogre
 14898 | D:12     | Reached skill level 17 in Stealth
 15015 | D:12     | Found Vewed's General Store.
 15022 | D:12     | Bought 5 needles of paralysis for 33 gold pieces
 15427 | D:13     | Noticed an eight-headed hydra
 15429 | D:13     | Killed an eight-headed hydra
 15429 | D:13     | Reached skill level 10 in Dodging
 15429 | D:13     | Reached XP level 12. HP: 61/61 MP: 23/23
 15447 | D:12     | Reached **** piety under Dithmenos
 15717 | Lair:1   | Entered Level 1 of the Lair of Beasts
 16030 | Lair:1   | Found a hazy altar of Hepliaklqana.
 16398 | Lair:2   | Noticed Gastronok
 16403 | Lair:2   | Killed Gastronok
 17286 | Lair:3   | Reached skill level 18 in Stealth
 18487 | Lair:4   | Noticed a four-headed hydra
 18492 | Lair:4   | Killed a four-headed hydra
 18503 | Lair:4   | Found a staircase to the Shoals.
 18596 | Lair:4   | Noticed Nessos
 18603 | Lair:4   | Killed Nessos
 18603 | Lair:4   | Reached skill level 5 in Invocations
 18603 | Lair:4   | Reached XP level 13. HP: 66/66 MP: 25/25
 18932 | Lair:4   | Found a staircase to the Snake Pit.
 19190 | Lair:5   | Found a frozen archway.
 19369 | Lair:5   | Reached ***** piety under Dithmenos
 19496 | Lair:5   | Found a staircase to the Slime Pits.
 19504 | Lair:5   | Reached skill level 10 in Spellcasting
 19800 | Lair:5   | Reached skill level 19 in Stealth
 20814 | Lair:6   | Entered Level 6 of the Lair of Beasts
 20956 | Lair:6   | Got a bloodstained scimitar
 20957 | Lair:6   | Identified the +9 scimitar "Cex Feomno" {venom, Dex+3} (You found it on level 6 of the Lair of Beasts)
 21550 | Lair:6   | Noticed Camlann's ghost (journeyman TrMo)
 21571 | Lair:6   | Killed Camlann's ghost
 22081 | Lair:6   | Reached XP level 14. HP: 61/72 MP: 5/26
 22093 | Lair:6   | Demolished by a spriggan rider

Vault maps used:
D:1:      lightli_molten_gateway, minmay_tetromino_i2
D:2:      uniq_terence, uniq_iyjb, uniq_jessica
D:3:      first_bread, grunt_ministairs_6, uniq_grinder
D:4:      lemuel_crystal_altar, nemelex_altar_shiori, lemuel_round_altar,
          grunt_dithmenos_smoke
D:5:      corexii_item_surrounded_by_moat
D:6:      serial_glass, glass_columns_a, glass_columns_a, uniq_menkaure
D:7:      minmay_temple_entry_mist, uniq_joseph
D:8:      kiku_gazebo_pond_becter
D:9:      kennysheep_little_box, lair_entry_dummy
D:10:     minmay_st_funbox
D:11:     orc_0_dummy, serial_shops, shop
D:12:     serial_shops, nicolae_shop_crystal
D:13:     grunt_vaults_entry_fortified, serial_shops,
          nicolae_shop_temple_entry_statues_fountains, blue_anna_alchemist,
          uniq_josephine
Temple:   regret_index_temple_sphere_string
Lair:1:   basic_altar, infiniplex_staircase_pool
Lair:2:   st_stairs_5, beast_lair_carwin_10, uniq_gastronok
Lair:3:   grunt_megastairs_1, infiniplex_staircase_pool_2
Lair:4:   elwin_shoals_entry_rocks, dummy_snake_entry, minivault_19, uniq_nessos
Lair:5:   minmay_slime_entry_oklob_enclosed, portal_ice_cave_entry_imps
Lair:6:   minmay_lair_end_enchanted_forest

Skill      XL: |  1  2  3  4  5  6  7  8  9 10 11 12 13 |
---------------+----------------------------------------+-----
Stealth        | 6 7 8 9 10 11 12 13 14 15 17 18 19 | 19.7
Dodging        | 2 4 5 7 8 10 11 12 | 12.1
Fighting       | 2 3 4 5 6 7 |  7.4
Spellcasting   | 1 2 4 5 6 8 9 10 | 10.8
Short Blades   | 4 5 7 8 9 |  9.9
Throwing       | 3 4 5 6 7 8 9 |  9.3
Invocations    | 1 3 5 6 |  6.5

Action                   |  1- 3 |  4- 6 |  7- 9 | 10-12 | 13-15 || total
-------------------------+-------+-------+-------+-------+-------++-------
Melee: Dagger            |    87 |   149 |   350 |   599 |       ||  1185
       Rapier            |       |       |       |    53 |   512 ||   565
 Fire: Blowgun           |    14 |    27 |    49 |    42 |       ||   132
Invok: Shadow Step       |       |       |       |     2 |       ||     2
Evoke: Wand              |       |       |     7 |     7 |     3 ||    17
  Use: Scroll            |       |     8 |     7 |    21 |     4 ||    40
       Potion            |       |     2 |       |     4 |    10 ||    16
 Stab: Sleeping          |     8 |     9 |    23 |    88 |    29 ||   157
       Distracted        |     1 |     3 |     3 |     5 |     3 ||    15
       Paralysed         |       |       |       |     2 |       ||     2
       Invisible         |       |       |       |       |     9 ||     9
  Eat: Royal jelly       |       |     1 |     2 |     4 |     2 ||     9
       Fruit             |       |       |     1 |       |       ||     1
Armor: Robe              |     3 |     7 |    12 |    18 |    36 ||    76
Dodge: Dodged            |    57 |    71 |   150 |   325 |   446 ||  1049
